 Dungeon Crawl Stone Soup version 0.29-a0-284-gf9362112df (webtiles) character file.

Game seed: 2659465971692737432

124 dolemite99 the Poker (level 5, 38/38 HPs)
             Began as a Merfolk Gladiator on Mar 31, 2022.
             Was a Follower of Kikubaaqudgha.
             Quit the game on level 3 of the Dungeon.
             The game lasted 00:01:44 (2021 turns).

dolemite99 the Poker (Merfolk Gladiator)            Turns: 2021, Time: 00:01:45

Health: 38/38      AC:  4    Str: 16    XL:     5   Next: 8%
Magic:  5/5        EV: 13    Int:  7    God:    Kikubaaqudgha [*.....]
Gold:   153        SH:  0    Dex: 16    Spells: 4/4 levels left

rFire   . . .      SeeInvis .   a - +0 trident
rCold   . . .      Faith    .   (no shield)
rNeg    . . .      Spirit   .   b - +0 leather armour
rPois   .          Reflect  .   c - +0 helmet
rElec   .          Harm     .   (no cloak)
rCorr   .          Rampage  .   (no gloves)
Will    .....                   (no boots)
Stlth   +.........              (no amulet)
HPRegen 0.12/turn               (no ring)
MPRegen 0.09/turn               (no ring)

@: no status effects
A: (nimble swimmer 2), mertail
a: Renounce Religion, Receive Corpses


You were on level 3 of the Dungeon.
You worshipped Kikubaaqudgha.
Kikubaaqudgha was aware of your devotion.
You visited 1 branch of the dungeon, and saw 3 of its levels.

You collected 153 gold pieces.

Inventory:

Hand Weapons
 a - a +0 trident (weapon)
 m - a +1 spear of flaming
Missiles
 d - 3 throwing nets (quivered)
 e - a javelin
 f - 119 stones
 n - 4 poisoned darts
Armour
 b - a +0 leather armour (worn)
 c - a +0 helmet (worn)
Scrolls
 h - 2 scrolls of immolation {unknown}
 i - a scroll of blinking {unknown}
 j - 3 scrolls of identify {unknown}
 l - a scroll of vulnerability {unknown}
Potions
 g - 2 potions of heal wounds {unknown}
 k - a potion of lignification {unknown}


   Skills:
 - Level 2.1 Fighting
 + Level 7.4 Polearms
 - Level 2.0 Throwing
 - Level 4.0 Dodging


You had 4 spell levels left.
You didn't know any spells.
Your spell library contained the following spells:

 Spells                   Type           Power      Damage    Failure   Level
 Animate Skeleton         Necr           0%         N/A       50%         1
 Pain                     Necr           0%         1d4       50%         1
 Sting                    Tmut/Pois      0%         1d3       50%         1
 Poisonous Vapours        Pois/Air       0%         N/A       65%         2
 Sublimation of Blood     Necr           0%         N/A       65%         2
 Vampiric Draining        Necr           0%         2d6       86%         3
 Olgreb's Toxic Radiance  Pois           0%         N/A       99%         4


Dungeon Overview and Level Annotations

Branches:
Dungeon (3/15)

Altars:
Kikubaaqudgha


Innate Abilities, Weirdness & Mutations

((You are very nimble when in or above water. (Stealth+, EV+, Speed+++)))
Your lower body shifts to a powerful aquatic tail in water.


Message History

You start resting.
You feel yourself speed up.
You start resting.
HP restored.
You start waiting.
Done waiting.
Found a faded altar of an unknown god.
h - 2 scrolls labelled SIAVEDGHOTT (gained 1)
There is a fountain of clear blue water here.
You see here a +0 dagger.
There is a stone staircase leading up here.
Done exploring.
There is a stone staircase leading down here.
There is a faded altar of an unknown god here.
You cannot tell which god this altar belongs to.
Convert to them anyway?
Kikubaaqudgha accepts your prayer! Kikubaaqudgha welcomes you!
You can now receive cadavers from Kikubaaqudgha.
Kikubaaqudgha grants you a gift!
You add the spells Animate Skeleton, Pain, Sublimation of Blood and Vampiric Draining to your library.
Unknown command.
Press < or > to pray at altars.
Done exploring.
(D) Dungeon
Where to? (Enter - D:2 @ (x,y), ? - help)
What level of the Dungeon? (default 1, ? - help)
There is a stone staircase leading down here.
You climb downwards.
Found 4 poisoned darts.
There is a stone staircase leading up here.
You see here 4 poisoned darts.
n - 4 poisoned darts
Found a stone staircase leading down.
No target in view!
No target in view!
No target in view!
No target in view!
No target in view!
No target in view!
Are you sure you want to abandon this character and quit the game? (Confirm with "yes".)

#># #.# #.# #.#
#.# #.# #.# #@#
##.## #...#####
# #.#.....# .#
#...#...#..####
###....<.......
#............
#.......####.
##....#.#


There were no monsters in sight!

Vanquished Creatures
  Natasha (thrice) (D:2)
  An adder (D:2)
  3 endoplasms
  2 giant cockroaches (D:2)
  5 goblins
  5 hobgoblins (D:1)
  2 quokkas (D:2)
  5 ball pythons (D:1)
  5 bats (D:1)
  4 frilled lizards
  5 kobolds
  A rat (D:1)
41 creatures vanquished.

Notes
Turn   | Place    | Note
-------+----------+-------------------------------------------
     0 | D:1      | dolemite99 the Merfolk Gladiator began the quest for the
                  | Orb.
     0 | D:1      | Reached XP level 1. HP: 16/16 MP: 1/1
   104 | D:1      | Reached XP level 2. HP: 19/22 MP: 2/2
   207 | D:1      | Reached skill level 5 in Polearms
   646 | D:1      | Reached XP level 3. HP: 27/27 MP: 3/3
  1085 | D:2      | Noticed Natasha
  1094 | D:2      | Killed Natasha
  1095 | D:2      | Reached skill level 6 in Polearms
  1095 | D:2      | Reached XP level 4. HP: 32/33 MP: 4/4
  1107 | D:2      | Noticed Natasha
  1112 | D:2      | Killed Natasha
  1231 | D:2      | Reached skill level 7 in Polearms
  1465 | D:2      | Noticed Natasha
  1481 | D:2      | Killed Natasha
  1482 | D:2      | Reached XP level 5. HP: 18/38 MP: 5/5
  1742 | D:2      | Found a faded altar of an unknown god.
  1986 | D:2      | Prayed at the altar of an unknown god.
  1986 | D:2      | Became a worshipper of Kikubaaqudgha
  1986 | D:2      | Reached * piety under Kikubaaqudgha
  1986 | D:2      | Received a gift from Kikubaaqudgha
  2021 | D:3      | Quit the game

Illustrated notes

Levels and vault maps discovered:
D:1:      dpeg_arrival_morbid_curiosity, layout_rooms, st_stairs_9,
          chequers_serial_rivers_small_3
D:2:      layout_loops_ring, serial_glass, glass_columns_b, glass_columns_a,
          shapermc_ecumenical_altar_totnotflames, uniq_natasha
D:3:      minmay_skewed_foursquare, layout_loops_ring, minmay_bisected

Skill      XL: |  1  2  3  4 |
---------------+-------------+-----
Polearms       | 5 6 7 |  7.4
Fighting       | |  2.1
Throwing       | |  2.0
Dodging        | |  4.0

Action                   |  1- 3 |  4- 6 || total
-------------------------+-------+-------++-------
Melee: Trident           |    93 |    37 ||   130
Armor: Leather armour    |    33 |     5 ||    38
Dodge: Dodged            |    66 |    18 ||    84

Table legend: (Time is in decaauts)
 A = Elapsed time spent in this place.
 B = Non-inter-level travel time spent in this place.
 C = Inter-level travel time spent in this place.
 D = Time resting spent in this place.
 E = Time spent auto-exploring this place.
 F = Levels seen in this place.
 G = Mean time per level.
                   A        B        C        D        E       F      G
               +--------+--------+--------+--------+--------+-----+--------+
         Total |   2026 |   1949 |     77 |    539 |   1077 |   3 |  675.3 |
       Dungeon |   2026 |   1949 |     77 |    539 |   1077 |   3 |  675.3 |
               +--------+--------+--------+--------+--------+-----+--------+

Top non-repeatable levels by time:
     D:2: 1116 daAuts
     D:1: 897 daAuts
     D:3: 11 daAuts
